 Dungeon Crawl Stone Soup version 0.29-a0-823-gc37b1572da (webtiles) character file.

Game seed: 15323018155529610113

1893 buhh the Insei (level 9, -3/61 HPs)
             Began as an Octopode Transmuter on July 9, 2022.
             Was a Follower of Cheibriados.
             Slain by Maggie
             ... wielding a +0 scimitar of pain
              (10 damage)
             ... on level 7 of the Dungeon.
             The game lasted 00:10:17 (9118 turns).

buhh the Insei (Octopode Transmuter)                Turns: 9118, Time: 00:10:17

Health: -3/61      AC:  2    Str: 12    XL:     9   Next: 15%
Magic:  8/12       EV: 23    Int: 23    God:    Cheibriados [*.....]
Gold:   313        SH:  0    Dex: 20    Spells: 3/12 levels left

rFire   . . .      SeeInvis .     - Unarmed
rCold   . . .      Faith    .   (shield currently unavailable)
rNeg    . . .      Spirit   .   (helmet currently unavailable)
rPois   x          Reflect  .   (no amulet)
rElec   .          Harm     .   (no ring)
rCorr   .          Rampage  .   (no ring)
Will    .....                   (no ring)
Stlth   ++........              (no ring)
HPRegen 0.20/turn               (no ring)
MPRegen 0.13/turn               (no ring)
                                (no ring)
                                (no ring)

@: spider-form, mesmerised, very slow
A: venomous fangs, almost no armour, (amphibious), 8 rings, tiny, (camouflage
1), (gelatinous body 1), (nimble swimmer 1), (tentacles)
a: End Transformation, Renounce Religion, Bend Time


You were on level 7 of the Dungeon.
You worshipped Cheibriados.
Cheibriados was aware of your devotion.
You were a venomous arachnid creature.
You visited 2 branches of the dungeon, and saw 8 of its levels.
You also visited: Sewer.

You collected 333 gold pieces.
You spent 20 gold pieces at shops.

Inventory:

Missiles
 j - 17 poisoned darts
 o - 4 curare-tipped darts
 w - 2 throwing nets
Jewellery
 u - a ring of poison resistance
Wands
 c - a wand of digging (9)
 s - a wand of roots (5)
Scrolls
 a - 3 scrolls of vulnerability
 e - a scroll of enchant armour
 f - a scroll of poison
 g - 3 scrolls of amnesia
 h - a scroll of torment
 q - a scroll of immolation {!d}
 r - 2 scrolls of magic mapping {!r!d}
 t - a scroll of teleportation {unknown}
 v - a scroll of fear {!r}
 y - a scroll of blinking {unknown}
Potions
 b - 5 potions of curing {!q!d}
 d - 2 potions of degeneration
 i - a potion of attraction
 k - 5 potions of haste {!q!d}
 l - 2 potions of invisibility {unknown}
 m - 2 potions of brilliance {!q!d}
 n - 6 potions of resistance {unknown}
 z - a potion of flight {unknown}
Miscellaneous
 p - a phial of floods (inert)


   Skills:
 + Level 5.2 Fighting
 + Level 5.5 Dodging
 - Level 2.0 Stealth
 - Level 6.0 Unarmed Combat
 - Level 2.0 Spellcasting
 * Level 4.7 Transmutations
 - Level 5.0 Ice Magic
 - Level 2.0 Poison Magic


You had 3 spell levels left.
You knew the following spells:

 Your Spells              Type           Power      Damage    Failure   Level
a - Beastly Appendage     Tmut           46%        N/A       8%          1
b - Wereblood             Tmut           23%        N/A       10%         2
c - Spider Form           Tmut/Pois      17%        N/A       24%         3
d - Frozen Ramparts       Ice            50%        1d7       14%         3

Your spell library contained the following spells:

 Spells                   Type           Power      Damage    Failure   Level
 Ice Form                 Ice/Tmut       24%        N/A       36%         4
 Summon Ice Beast         Ice/Summ       13%        N/A       63%         4
 Alistair's Intoxication  Tmut/Pois      11%        N/A       83%         5
 Borgnjor's Vile Clutch   Necr/Erth      1%         N/A       99%         5
 Eringya's Noxious Bog    Tmut/Pois      8%         N/A       100%        6


Dungeon Overview and Level Annotations

Branches:
Dungeon (7/15) Zot: 39851  Temple (1/1) D:4 Zot: 8985   Sewer (visited)

Altars:
Ashenzari
Cheibriados
Fedhas
Nemelex Xobeh
Okawaru
Uskayaw

Shops:
D:1 *

Annotations:
D:3 1 runed translucent door, avis's ghost, amateur DgIE
D:7 Dowan; Duvessa; Maggie


Innate Abilities, Weirdness & Mutations

You are a venomous arachnid creature.
You have poisonous fangs.
You are tiny and dextrous.
Your spellcasting is less reliable in this form.
Your armour is entirely melded.
You are incapable of wielding weapons or throwing items.
You cannot wear most types of armour.
((You are amphibious.))
You can wear up to eight rings at the same time.
((Your skin changes colour to match your surroundings (Stealth+).))
((Your rubbery body absorbs attacks. (AC +1, EV +1)))
((You are camouflaged when in or above water. (Stealth+)))
((You have tentacles for arms and can constrict up to eight enemies at once.))


Message History

The iguana completely misses you.
Maggie casts a spell.
Maggie draws you further into her thrall.
You barely miss Maggie.
Maggie is severely wounded.
The iguana barely misses you. Maggie gestures at you while chanting.
The bolt of fire misses you.
You hit the iguana.
The iguana is poisoned.
The iguana is moderately wounded.
The iguana bites you! Maggie completely misses you.
You bite the iguana!
The iguana is severely wounded.
The iguana completely misses you. Maggie gestures at you while chanting.
The bolt of fire misses you.
You hit Maggie but do no damage.
Maggie is severely wounded.
You kill the iguana!
Cheibriados thoroughly appreciates the change of pace.
Maggie hits you with a +0 scimitar of pain!
* * * LOW HITPOINT WARNING * * *
You writhe in agony.
* * * LOW HITPOINT WARNING * * *
Training target 6.0 for Unarmed Combat reached!
Your Unarmed Combat skill increases to level 6!
You hit Maggie.
Maggie is severely wounded.
Maggie misses you.
You hit Maggie but do no damage.
Maggie is severely wounded.
Maggie hits you with a +0 scimitar of pain!
* * * LOW HITPOINT WARNING * * *
You hit Maggie but do no damage.
Maggie is severely wounded.
Maggie closely misses you.
You barely miss Maggie.
Maggie is almost dead.
Maggie hits you with a +0 scimitar of pain!
You die...

* *,,****,**#.* #.# #.#
*****,,****,**#.#* #.#
#.# *,,,,,,.,*#,**,#.#*
#.# #.#
*,***,,#.##.*,**#.#*#.#
*.. ***,,,,,,.....,**
*#.##.#######..
,,,,***,,#.#...*
##............
**,,,**,,#>....#*
##.##.#######,,
*,,*,,,,,###...@###.....#
***
*,,,,***,!.....†s#.######
*,,,,* **###.####.##
*,,,,*** *,*
############# ,,,,,,,*
*,* #........#####
,,,,,,,* *,*
#.######...... ,,,,,,,*
*,#######.########...#
,,,,,*,**
*,#.............##....
**,,,,,,**
*,#.#####.#####.##...#
,^,,,,*,,* *,*,* #.#
#.###.##


You could see Maggie (mesmerising, very poisoned).

Vanquished Creatures
  Grinder (Sewer)
  An ice beast (D:7)
  3 centaurs
  2 phantoms
  3 kobold brigands
  A necrophage (D:4)
  3 scorpions
  2 orc priests (D:5)
  A gnoll bouda (D:6)
  A hound (D:6)
  A jelly (D:4)
  Natasha (thrice) (D:3)
  6 iguanas
  2 orc wizards (D:4)
  4 gnolls (D:6)
  3 river rats (D:4)
  8 adders
  4 shadow imps (Sewer)
  A white imp (D:5)
  2 ufetubi (Sewer)
  7 worms
  7 dart slugs
  18 orcs
  13 ball pythons
  8 bats
  6 endoplasms
  7 giant cockroaches
  8 goblins
  5 hobgoblins
  10 jackals
  A quokka (D:1)
  5 frilled lizards
  A giant cockroach zombie (Sewer)
  22 kobolds
  2 kobold zombies (Sewer)
  9 rats
181 creatures vanquished.

Vanquished Creatures (others)
  8 plants (D:5)
8 creatures vanquished.

Grand Total: 189 creatures vanquished

Notes
Turn   | Place    | Note
-------+----------+-------------------------------------------
     0 | D:1      | buhh the Octopode Transmuter began the quest for the Orb.
     0 | D:1      | Reached XP level 1. HP: 13/13 MP: 3/3
   323 | D:1      | Reached XP level 2. HP: 17/18 MP: 3/5
   780 | D:1      | Reached XP level 3. HP: 23/23 MP: 4/6
  1269 | D:1      | Found a faded altar of an unknown god.
  1375 | D:1      | Found Wiaxt's General Store.
  1378 | D:1      | Bought a scroll of identify for 20 gold pieces
  1693 | D:2      | Reached XP level 4. HP: 29/29 MP: 7/7
  2948 | D:3      | Learned a level 2 spell: Wereblood
  2952 | D:3      | Learned a level 3 spell: Spider Form
  3009 | D:3      | Reached XP level 5. HP: 35/35 MP: 6/8
  3026 | D:3      | Found a runed translucent door.
  3026 | D:3      | Noticed avis's ghost (amateur DgIE)
  3201 | D:3      | Noticed Natasha
  3216 | D:3      | Killed Natasha
  3314 | D:3      | Noticed Natasha
  3391 | D:3      | Killed Natasha
  3488 | D:3      | Noticed Natasha
  3540 | D:3      | Killed Natasha
  3541 | D:3      | Reached skill level 4 in Unarmed Combat
  3905 | D:4      | Reached XP level 6. HP: 37/41 MP: 3/9
  4164 | D:4      | HP: 1/42 [river rat (6)]
  4182 | D:4      | Found a glowing drain.
  4190 | Sewer    | Entered a sewer
  4589 | Sewer    | Reached XP level 7. HP: 31/46 MP: 4/10
  4686 | Sewer    | Noticed Grinder
  4691 | Sewer    | Killed Grinder
  4825 | Sewer    | Found an ancient bone altar of Kikubaaqudgha.
  5378 | D:4      | Found a staircase to the Ecumenical Temple.
  5387 | Temple   | Entered the Ecumenical Temple
  5393 | Temple   | Became a worshipper of Cheibriados the Contemplative
  5452 | D:4      | Reached skill level 5 in Unarmed Combat
  5452 | D:4      | Reached XP level 8. HP: 48/54 MP: 9/11
  6446 | D:5      | Entered Level 5 of the Dungeon
  7119 | D:5      | Reached skill level 5 in Ice Magic
  7333 | D:5      | Reached * piety under Cheibriados
  7606 | D:5      | Found an iron altar of Okawaru.
  7978 | D:6      | Reached skill level 5 in Dodging
  8497 | D:6      | Learned a level 3 spell: Frozen Ramparts
  8575 | D:7      | Reached skill level 5 in Fighting
  8575 | D:7      | Reached XP level 9. HP: 61/61 MP: 8/12
  8774 | D:7      | Noticed Duvessa
  8774 | D:7      | Noticed Dowan
  9095 | D:7      | Noticed Maggie
  9115 | D:7      | Reached skill level 6 in Unarmed Combat
  9118 | D:7      | Slain by Maggie

Illustrated notes

Levels and vault maps discovered:
D:1:      dpeg_arrival_orchard, layout_loops_ring, serial_shops,
          nicolae_shop_behind_doors, hellmonk_ecumenical_altar_defaced_shrine
D:2:      layout_basic
D:3:      layout_loops_ring, gammafunk_ghost_grave,
          hangedman_decor_clover_reticule, chequers_serial_rivers_large_a,
          uniq_natasha
D:4:      layout_loops_ring, minmay_temple_entry_large_hall,
          lightli_sewer_entry_pipes
D:5:      layout_gridville, kennysheep_little_box, lexackson_kobold_supper
D:6:      layout_rooms, hangedman_decor_push, minivault_26
D:7:      layout_loops_ring, uniq_maggie, uniq_duvessa
Temple:   nicolae_temple_the_god_donut

Skill      XL: |  1  2  3  4  5  6  7  8  9 |
---------------+----------------------------+-----
Stealth        | 1 2 |  2.0
Poison Magic   | 1 2 |  2.0
Fighting       | 2 3 4 5 |  5.2
Dodging        | 3 4 5 |  5.5
Unarmed Combat | 4 5 6 |  6.0
Ice Magic      | 1 3 4 5 |  5.0
Transmutations | 4 |  4.7
Spellcasting   | |  2.0

Action                   |  1- 3 |  4- 6 |  7- 9 || total
-------------------------+-------+-------+-------++-------
Melee: Unarmed           |    80 |   197 |   189 ||   466
       Constrict         |    27 |    40 |    26 ||    93
       Tentacles         |    15 |    28 |    24 ||    67
       Kick              |    24 |    39 |    25 ||    88
       Punch             |     2 |     2 |     3 ||     7
 Cast: Beastly Appendage |    23 |    38 |    23 ||    84
       Wereblood         |       |     5 |     3 ||     8
       Spider Form       |       |     3 |    19 ||    22
Evoke: Wand              |       |     2 |     6 ||     8
       Phial of floods   |       |       |     1 ||     1
  Use: Scroll            |     4 |     6 |     6 ||    16
       Potion            |       |     5 |     1 ||     6
 Stab: Sleeping          |     8 |    12 |     3 ||    23
       Distracted        |       |     1 |       ||     1
Armor: Skin              |    10 |    15 |     8 ||    33
Dodge: Dodged            |    42 |   120 |   190 ||   352

Table legend: (Time is in decaauts)
 A = Elapsed time spent in this place.
 B = Non-inter-level travel time spent in this place.
 C = Inter-level travel time spent in this place.
 D = Time resting spent in this place.
 E = Time spent auto-exploring this place.
 F = Levels seen in this place.
 G = Mean time per level.
                   A        B        C        D        E       F      G
               +--------+--------+--------+--------+--------+-----+--------+
         Total |   9639 |   9463 |    176 |    662 |   7311 |   9 | 1071.0 |
       Dungeon |   8719 |   8547 |    172 |    662 |   6612 |   7 | 1245.6 |
        Temple |     11 |      7 |      4 |      0 |      1 |   1 |   11.0 |
         Sewer |    908 |    908 |      0 |      0 |    698 |   1 |  908.0 |
               +--------+--------+--------+--------+--------+-----+--------+

Top non-repeatable levels by time:
     D:4: 2027 daAuts
     D:1: 1669 daAuts
     D:3: 1391 daAuts
     D:5: 1282 daAuts
   Sewer: 908 daAuts
     D:6: 881 daAuts
     D:2: 820 daAuts
     D:7: 645 daAuts
  Temple: 11 daAuts
